 Dungeon Crawl Stone Soup version 0.18-a0-960-g77c8fc5 (webtiles) character file.

46 Yawgmoth the Firebug (level 3, 24/24 HPs)
             Began as a Mummy Fire Elementalist on Dec 31, 2015.
             Quit the game on level 2 of the Dungeon.
             The game lasted 00:05:52 (2104 turns).

Yawgmoth the Firebug (Mummy Fire Elementalist)      Turns: 2104, Time: 00:05:52

Health: 24/24      AC:  2    Str: 11    XL:     3   Next: 46%
Magic:  6/6        EV: 12    Int: 15    God:
Gold:   66         SH:  0    Dex: 12    Spells: 1 memorised, 6 levels left

rFire  x . .     SeeInvis .     h - +0 short sword
rCold  + . .     Gourm    .     a - +0 robe
rNeg   + + +     Faith    .     (no shield)
rPois  ∞         Spirit   .     (no helmet)
rElec  .         Dismiss  .     (no cloak)
rCorr  .         Reflect  .     (no gloves)
SustAt .         Harm     .     (no boots)
MR     .....                    (no amulet)
Stlth  ++........               (no ring)
                                (no ring)

@: not resistant to hostile enchantments, unstealthy
A: no food or potions, fire vulnerability, cold resistance 1, negative energy
resistance 3, torment resistance, unbreathing
a: no special abilities


You were on level 2 of the Dungeon.
You were not hungry.

You visited 1 branch of the dungeon, and saw 2 of its levels.

You collected 66 gold pieces.

Inventory:

Hand Weapons
 e - a +0 dagger
 h - a +0 short sword (weapon)
Armour
 a - a +0 robe (worn)
Scrolls
 c - 2 scrolls of immolation {unknown}
 d - a scroll of recharging {unknown}
 f - 2 scrolls of teleportation {unknown}
 g - a scroll of fog {unknown}
 i - a scroll of identify {unknown}
Books
 b - a book of Flames

   Spells                             Type                      Level
   a - Flame Tongue                   Conjuration/Fire             1
   b - Throw Flame                    Conjuration/Fire             2
   c - Conjure Flame                  Conjuration/Fire             3
   d - Inner Flame                    Hexes/Fire                   3
   e - Sticky Flame                   Conjuration/Fire             4
   f - Fireball                       Conjuration/Fire             5


   Skills:
 - Level 1.6 Dodging
 - Level 1.5 Stealth
 + Level 2.6 Spellcasting
 + Level 1.0 Conjurations
 + Level 3.2 Fire Magic


You had 6 spell levels left.
You knew the following spells:

 Your Spells              Type           Power        Failure   Level  Hunger
a - Flame Tongue          Conj/Fire      #....        12%         1    N/A

Dungeon Overview and Level Annotations

Branches:
Dungeon (2/15)

Altars:


Innate Abilities, Weirdness & Mutations

You do not eat or drink.
Your flesh is vulnerable to fire.
You are immune to poison.
Your flesh is cold resistant.
You are immune to negative energy.
You are immune to unholy pain and torment.
You can survive without breathing.


Message History

Aiming: Flame Tongue
Press: ? - help, Shift-Dir - straight line, f - kobold
Aim: a kobold, wielding a short sword The flame tongue hits the kobold.
The kobold is severely wounded.
The kobold closely misses you.
Casting: Flame Tongue
Confirm with . or Enter, or press ? or * to list all spells.
Aiming: Flame Tongue
Press: ? - help, Shift-Dir - straight line, f/p - kobold
Aim: a kobold, wielding a short sword (severely wounded)
The flame tongue hits the kobold.
You kill the kobold!
Things that are here:
a short sword; a kobold corpse You start resting.
Magic restored.
You start resting.
HP restored.
Are you sure you want to abandon this character and quit the game? (Confirm with "yes".)

#....).........#.♣
#####.###########.....
#.....# ##.###♣
#.#...# ###..# #...###
#....# ##....#
#....#### #...†####
#.......♣ ###.....#
#...%#### #...@...#
#....# #.....###
###### ####)...#
#...(# ###.....#
.....# ...### #....
....#


There were no monsters in sight!

Vanquished Creatures
  An ooze (D:1)
  A worm (D:2)
  A giant gecko (D:1)
  A ball python (D:2)
  4 giant cockroaches (D:1)
  4 goblins (D:1)
  3 hobgoblins (D:1)
  4 jackals (D:1)
  3 bats (D:1)
  A giant newt (D:1)
  7 kobolds
  5 rats
35 creatures vanquished.

Notes
Turn   | Place    | Note
--------------------------------------------------------------
     0 | D:1      | Yawgmoth the Mummy Fire Elementalist began the quest for the Orb.
     0 | D:1      | Reached XP level 1. HP: 13/13 MP: 3/3
   731 | D:1      | Reached XP level 2. HP: 17/19 MP: 0/5
   895 | D:1      | Reached skill level 3 in Fire Magic
  1334 | D:1      | Reached skill level 1 in Conjurations
  1389 | D:1      | Reached XP level 3. HP: 20/24 MP: 0/6
  2104 | D:2      | Quit the game

Vault maps used:
D:1:      dpeg_arrival_erosion, st_stairs_1
D:2:      old_standard_altar, nicolae_overflow_hidden_temple, first_bread,
          serial_forest, infiniplex_forest_straight_3,
          infiniplex_forest_lined_ring, infiniplex_forest_lined_2,
          infiniplex_forest_lined_3, infiniplex_forest_clump_double,
          infiniplex_forest_corner_1, infiniplex_forest_clump_tiny,
          infiniplex_forest_lined_room_2, hangedman_decor_push

Action                   || total
-------------------------++-------
Melee: Dagger            ||    30
       Short sword       ||    24
 Cast: Flame Tongue      ||    40
